 Dungeon Crawl Stone Soup version 0.27.1-4-g1640c2035a (webtiles) character file.

Game seed: 11449355609774882338

152 MisterFreud the Skirmisher (level 5, -7/72 HPs)
             Began as a Minotaur Abyssal Knight on Nov 10, 2021.
             Was a Believer of Lugonu.
             Killed by divine providence
             ... invoked by an orc priest
              (16 damage)
             ... on level 4 of the Dungeon.
             The game lasted 00:02:42 (2923 turns).

MisterFreud the Skirmisher (MiAK)                   Turns: 2923, Time: 00:02:42

Health: -7/72      AC: 22    Str: 24    XL:     5   Next: 11%
Magic:  5/5        EV:  2    Int:  9    God:    Lugonu [**....]
Gold:   158        SH:  0    Dex:  9    Spells: 4/4 levels left

rFire    . . .     SeeInvis .   i - +0 whip (elec)
rCold    . . .     Faith    .   (no shield)
rNeg     + + +     Spirit   .   (armour currently unavailable)
rPois    +         Reflect  .   (helmet currently unavailable)
rElec    .         Harm     .   (cloak currently unavailable)
rCorr    .         Rampage  .   (gloves currently unavailable)
Will     .....     NoTele   +   (boots currently unavailable)
Stlth    +.........             (no amulet)
HPRegen  0.22/turn              d - +6 ring of strength
MPRegen  0.09/turn              (no ring)

@: mighty, tree-form
A: stationary, stasis, torment immunity, boosted hp, (horns 2), (retaliatory
headbutt)
a: Renounce Religion, Depart the Abyss, Bend Space


You were on level 4 of the Dungeon.
You worshipped Lugonu.
Lugonu was pleased with you.
You were a tree.
You visited 1 branch of the dungeon, and saw 4 of its levels.
You visited the Abyss 1 time.

You collected 158 gold pieces.

Inventory:

Hand Weapons
 a - a +1 falchion
 i - a +0 whip of electrocution (weapon)
Armour
 b - a +0 leather armour (melded)
 k - a +0 chain mail
 m - a +0 pair of gloves (melded)
 q - a +0 pair of boots (melded)
Jewellery
 d - a +6 ring of strength (left branch)
 p - a ring of willpower
Scrolls
 c - 2 scrolls of teleportation {unknown}
 f - a scroll of identify {unknown}
 g - a scroll of immolation {unknown}
 h - a scroll of holy word {unknown}
 j - a scroll of enchant weapon {unknown}
 n - 2 scrolls of enchant armour {unknown}
 s - a scroll of fog {unknown}
 t - a scroll of fear {unknown}
 v - a scroll of torment {unknown}
 w - a scroll of acquirement {unknown}
Potions
 e - a potion of lignification
 r - a potion of berserk rage {unknown}
 u - a potion of degeneration {unknown}


   Skills:
 - Level 5.1 Fighting
 - Level 2.4 Long Blades
 + Level 4.6 Maces & Flails
 - Level 2.4 Armour
 - Level 1.1 Dodging
 - Level 1.7 Invocations


You had 4 spell levels left.
You didn't know any spells.
Your spell library was empty.

Dungeon Overview and Level Annotations

Branches:
Dungeon (4/15)
 Temple: D:4-7

Altars:


Innate Abilities, Weirdness & Mutations

You are a tree.
Your roots penetrate the ground, keeping you stationary.
You cannot be teleported.
You are immune to unholy pain and torment.
Your maximum health is greatly increased.
Your equipment is partially melded.
((You have a pair of horns on your head.))
((You reflexively headbutt those who attack you in melee.))


Message History

You hit the orc priest.
The orc priest is severely wounded.
The orc priest hits you but does no damage.
Something hits you.
* * * LOW HITPOINT WARNING * * *
You closely miss the orc priest.
The orc priest is severely wounded.
The orc priest invokes the aid of Beogh against you.
Pain shoots through your body!
* * * LOW HITPOINT WARNING * * *
Something hits you but does no damage.
Unknown command.
It was a potion of lignification.
You turn into a tree.
Your +0 pair of gloves melds into your body.
Your +0 pair of boots melds into your body.
Your +0 leather armour melds into your body.
Your roots penetrate the ground.
The orc priest hits you with a +0 short sword.
* * * LOW HITPOINT WARNING * * *
Something hits you but does no damage.
It was a potion of curing.
You feel better.
The orc priest hits you but does no damage.
Something hits you but does no damage.
Unknown command.
Unknown command.
You closely miss the orc priest.
The orc priest is severely wounded.
The orc priest mumbles some strange prayers to Beogh against you.
Beogh smites you!
* * * LOW HITPOINT WARNING * * *
Something hits you but does no damage.
Unknown command.
You feel better.
The orc priest hits you but does no damage.
Something hits you but does no damage.
It was a potion of might.
You feel very mighty all of a sudden.
The orc priest mumbles some strange prayers to Beogh against you.
Beogh smites you!
You die...

(.... # #.... ##
#...#### #. .#
###......# ##.
...#........# ...
...........# ...
#........# ... #..o♣#
... ###{####...
#....... #.....#...
#....... #..#.##
#'###......# #.....#
#........## ##...##
#........## ####....##
##.........
..8.8....####..8.......
..........##...........


You could see an orc priest.

Vanquished Creatures
  An orc priest (D:3)
  An orc wizard (D:3)
  A hound skeleton (D:4)
  An adder (D:2)
  A worm (D:3)
  A dart slug (D:1)
  8 orcs
  6 endoplasms
  2 giant cockroaches
  6 goblins
  5 hobgoblins
  5 quokkas
  8 ball pythons
  5 bats
  2 frilled lizards
  4 kobolds (D:1)
  4 rats
61 creatures vanquished.

Vanquished Creatures (others)
  A plant (D:1)
1 creature vanquished.

Grand Total: 62 creatures vanquished

Notes
Turn   | Place    | Note
-------+----------+-------------------------------------------
     0 | Abyss:1  | MisterFreud the Minotaur Abyssal Knight began the quest for
                  | the Orb.
     0 | Abyss:1  | Reached XP level 1. HP: 19/19 MP: 1/1
     5 | Abyss:1  | Noticed a quasit
     6 | D:1      | Escaped the Abyss
   167 | D:1      | Reached skill level 4 in Fighting
   234 | D:1      | Reached XP level 2. HP: 28/28 MP: 2/2
   275 | D:1      | Reached * piety under Lugonu
   800 | D:1      | Reached skill level 5 in Fighting
   820 | D:1      | Reached XP level 3. HP: 35/36 MP: 3/3
  1292 | D:2      | Reached skill level 1 in Maces & Flails
  1914 | D:3      | Reached XP level 4. HP: 29/42 MP: 4/4
  2128 | D:3      | Reached ** piety under Lugonu
  2147 | D:3      | Found a faded altar of an unknown god.
  2398 | D:3      | Reached XP level 5. HP: 47/48 MP: 5/5
  2919 | D:4      | HP: 3/72 [orc priest (1)]
  2921 | D:4      | HP: 1/72 [orc priest/divine providence (12)]
  2923 | D:4      | Killed from afar by an orc priest

Illustrated notes

Levels and vault maps discovered:
D:1:      dpeg_arrival_castle, layout_basic, serial_forest,
          infiniplex_forest_clump_long, infiniplex_forest_lined_ring,
          infiniplex_forest_lined_1, infiniplex_forest_zigzag_1,
          infiniplex_forest_lined_1, infiniplex_forest_end_1,
          infiniplex_forest_end_1, infiniplex_forest_clump_diagonal,
          minmay_tetromino_s4
D:2:      layout_rooms
D:3:      layout_basic, ebering_ecumenical_altar_mist
D:4:      layout_cave_pools, nicolae_overflow_crystal_walls, temple_green,
          serial_column_ruins, column_ruins_courtyard_long,
          column_ruins_square_medium, column_ruins_columns_straight,
          column_ruins_grid_1, column_ruins_grid_1,
          column_ruins_corridor_straight, column_ruins_corridor_dead_end,
          column_ruins_grid_3, portal_sewer_entry_b

Skill      XL: |  1  2  3  4 |
---------------+-------------+-----
Fighting       | 4 5 |  5.1
Maces & Flails | 3 4 |  4.6
Long Blades    | |  2.4
Armour         | |  2.4
Dodging        | |  1.1
Invocations    | |  1.7

Action                   |  1- 3 |  4- 6 || total
-------------------------+-------+-------++-------
Melee: Falchion          |    43 |       ||    43
       Headbutt          |     9 |     2 ||    11
       Whip              |    36 |    44 ||    80
Invok: Depart the Abyss  |     1 |       ||     1
  Use: Potion            |       |     4 ||     4
Armor: Leather armour    |    23 |    19 ||    42
       Skin              |       |     6 ||     6
Dodge: Dodged            |    50 |    21 ||    71
       Rpst.: Falchion   |     4 |       ||     4
